 Dungeon Crawl Stone Soup version 0.27.1-3-gb3d3a73c9e (webtiles) character file.

Game seed: 15506746237991243383

53 hypoxyphilia the Grave Robber (level 3, -2/24 HPs)
             Began as a Vampire Necromancer on Oct 26, 2021.
             Slain by a bullfrog zombie (3 damage)
             ... on level 3 of the Dungeon on Oct 28, 2021.
             The game lasted 00:22:12 (2722 turns).

hypoxyphilia the Grave Robber (Vampire Necromancer) Turns: 2722, Time: 00:22:13

Health: -2/24      AC:  2    Str:  7    XL:     3   Next: 64%
Magic:  6/6        EV: 12    Int: 18    God:
Gold:   101        SH:  0    Dex: 14    Spells: 4/6 levels left

rFire    . . .     SeeInvis +   l - +2 dagger (drain)
rCold    . . .     Faith    .   (no shield)
rNeg     . . .     Spirit   .   a - +0 robe
rPois    .         Reflect  .   (no helmet)
rElec    .         Harm     .   e - scarf {+Inv}
rCorr    .         Rampage  .   (no gloves)
Will     .....                  (no boots)
Stlth    ++........             (no amulet)
HPRegen  0.28/turn              (no ring)
MPRegen  0.10/turn              (no ring)

@: healing quickly, slowed, very slow
A: alive, fangs 3, see invisible, vampiric 2
a: Exsanguinate, Evoke Invisibility


You were on level 3 of the Dungeon.
You visited 1 branch of the dungeon, and saw 3 of its levels.

You collected 101 gold pieces.

Inventory:

Hand Weapons
 l - a +2 dagger of draining (weapon)
Armour
 a - a +0 robe (worn)
 e - a scarf of invisibility (worn)
Jewellery
 c - a ring of resist corrosion
 k - a ring of flight
Wands
 h - a wand of flame (6)
Scrolls
 b - a scroll of silence {unknown}
 f - a scroll of fear {unknown}
Potions
 d - a potion of mutation {unknown}
 g - a potion of might {unknown}
 j - 2 potions of curing {unknown}


   Skills:
 - Level 2.2 Dodging
 + Level 3.1 Stealth
 - Level 2.0 Spellcasting
 * Level 5.9 Necromancy


You had 4 spell levels left.
You knew the following spells:

 Your Spells              Type           Power      Damage    Failure   Level
a - Pain                  Necr           92%        1d8       1%          1
b - Animate Skeleton      Necr           46%        N/A       1%          1

Your spell library contained the following spells:

 Spells                   Type           Power      Damage    Failure   Level
 Vampiric Draining        Necr           11%        2d7       4%          3
 Animate Dead             Necr           11%        N/A       16%         4
 Agony                    Necr           23%        N/A       41%         5
 Excruciating Wounds      Necr           11%        N/A       41%         5


Dungeon Overview and Level Annotations

Branches:
Dungeon (3/15)

Altars:
Dithmenos

Annotations:
D:3 Grinder, Ijyb, Natasha


Innate Abilities, Weirdness & Mutations

Your natural rate of healing is accelerated.
You have razor-sharp teeth.
You have supernaturally acute eyesight. (SInv)
You are afflicted with vampirism and can become a bat while bloodless.


Message History

The bullfrog zombie hits you.
The bullfrog zombie hits you but does no damage.
The bullfrog zombie barely misses you. The bullfrog zombie barely misses you.
Things that are here:
a +0 dagger; a +3 scale mail The bullfrog zombie hits you.
The bullfrog zombie enters a dispersal trap!
You blink.
The bullfrog zombie blinks!
Grinder comes into view.
The bullfrog zombie hits you.
There is a stone staircase leading up here.
The bullfrog zombie barely misses you.
Really walk into that dispersal trap?
You enter a dispersal trap!
The bullfrog zombie blinks!
You blink.
Natasha hisses angrily.
Natasha mewls in sadness.
Natasha mumbles some strange words.
You feel troubled.
Things that are here:
a +0 dagger; a +3 scale mail Natasha stares at you and mumbles some strange words.
You feel yourself slow down. The bullfrog zombie hits you.
Really walk into that dispersal trap?
You enter a dispersal trap!
The bullfrog zombie blinks!
Natasha blinks!
The bullfrog zombie blinks!
You blink.
Natasha casts a spell at you. The magic dart hits you.
Aiming: Throw Flame
Press: ? - help, Shift-Dir - straight line, f - bullfrog zombie
Aim: a bullfrog zombie (moderately damaged, 81% to hit)
The puff of flame hits the bullfrog zombie!
The bullfrog zombie is heavily damaged.
The bullfrog zombie closely misses you.
Natasha growls.
Natasha claws you!
* * * LOW HITPOINT WARNING * * *
The bullfrog zombie hits you.
You die...

##...# .....# ###### .....#
#############.....
.............
.................. [..#
#..5..# ##.....#...###...Z.
...# #.....## .ยง.
#.#.###.#### ..##
#.....##.#.#####...........
#####
#.....##.#.#.....#####..##.
....# #>....+..h@.....##
##....
....###.....####Z#.####
##.?. ..............<..#)#
#(?. .#......######.^...#
+... .#........# #....#####
#... .#......#.# #........#
#... .#........# #........#
#... .###'##.#.###.###....#
#... .###....#.#.#.....(#.#
#...


You could see Natasha and a bullfrog zombie.

Vanquished Creatures
  3 orcs (D:3)
  5 ball pythons
  4 bats
  4 endoplasms
  2 giant cockroaches (D:1)
  7 goblins
  3 hobgoblins
  3 jackals (D:2)
  2 kobolds
  2 quokkas
  2 frilled lizards (D:1)
  2 rats (D:1)
39 creatures vanquished.

Vanquished Creatures (collateral kills)
  A dart slug (D:2)
  A hobgoblin (D:1)
2 creatures vanquished.

Grand Total: 41 creatures vanquished

Notes
Turn   | Place    | Note
-------+----------+-------------------------------------------
     0 | D:1      | hypoxyphilia the Vampire Necromancer began the quest for
                  | the Orb.
     0 | D:1      | Reached XP level 1. HP: 13/13 MP: 3/3
   335 | D:1      | Reached XP level 2. HP: 18/19 MP: 0/5
   423 | D:1      | Learned a level 1 spell: Animate Skeleton
   495 | D:1      | Reached skill level 5 in Necromancy
  1253 | D:1      | Gained mutation: You are afflicted with vampirism and can
                  | become a bat while bloodless. [Vampire growth]
  1253 | D:1      | Reached XP level 3. HP: 22/24 MP: 3/6
  2408 | D:3      | Noticed Natasha
  2428 | D:3      | Noticed Ijyb
  2472 | D:3      | Found a shadowy altar of Dithmenos.
  2706 | D:3      | Noticed Grinder
  2722 | D:3      | HP: 1/24 [Natasha (7)]
  2722 | D:3      | Slain by a bullfrog zombie

Illustrated notes

Levels and vault maps discovered:
D:1:      elethiomel_arrival_shortcut, layout_basic
D:2:      layout_loops_cross
D:3:      kennysheep_six_static_rooms, layout_basic,
          mainiacjoe_overflow_concentric_impassable, uniq_ijyb, uniq_grinder,
          uniq_natasha, uniq_crazy_yiuf_cottage

Skill      XL: |  1  2 |
---------------+-------+-----
Necromancy     | 5 |  5.9
Dodging        | |  2.2
Stealth        | |  3.1
Spellcasting   | |  2.0

Action                   || total
-------------------------++-------
Melee: Dagger            ||     7
 Cast: Pain              ||    69
       Animate Skeleton  ||    14
Evoke: Wand              ||     1
Armor: Robe              ||     6
Dodge: Dodged            ||    28
